 Dungeon Sprint DCSS version 0.28-a0-895-g6e5f11bd55 (webtiles) character file.

Game seed: 8072163541838996877

639 Turgor the Fighter (level 7, -1/111 HPs)
             Began as a Minotaur Berserker on Nov 22, 2021.
             Was a Believer of Trog.
             Slain by Sonja (22 damage)
             ... in the Dungeon (Sprint I: "Red Sonja").
             The game lasted 00:03:13 (536 turns).

Turgor the Fighter (Minotaur Berserker)              Turns: 536, Time: 00:03:14

Health: -1/111     AC:  4    Str: 21    XL:     7   Next: 26%
Magic:  6/6        EV: 14    Int:  6    God:    Trog [**....]
Gold:   235        SH:  0    Dex: 10    Spells: 6/6 levels left

rFire   . . .      SeeInvis +   a - +0 hand axe
rCold   . . .      Faith    .   (no shield)
rNeg    . . .      Spirit   .   j - +0 leather armour
rPois   .          Reflect  .   (helmet restricted)
rElec   .          Harm     .   (no cloak)
rCorr   .          Rampage  .   (no gloves)
Will    ++...      NoTele   +   (no boots)
Stlth   ..........              (no amulet)
HPRegen 1.28/turn               k - ring of see invisible
MPRegen 0.10/turn               (no ring)

@: berserking, lethally poisoned (-1 -> -1), strong-willed, regenerating, slowed
A: horns 2, retaliatory headbutt
a: Renounce Religion, Berserk, Trog's Hand


You were in the Dungeon.
You worshipped Trog.
Trog was pleased with you.
You visited 1 branch You collected 415 gold pieces.
You spent 180 gold pieces at shops.

Inventory:

Hand Weapons
 a - a +0 hand axe (weapon)
Missiles
 b - 17 stones (quivered)
 i - 19 arrows
Armour
 j - a +0 leather armour (worn)
Jewellery
 k - a ring of see invisible (left hand)
Scrolls
 h - a scroll of blinking
Potions
 c - a potion of curing
 d - a potion of heal wounds
 e - a potion of haste
 f - 2 potions of magic
 g - a potion of berserk rage


   Skills:
 * Level 11.5 Fighting
 * Level 11.5 Axes
 + Level 8.1 Armour
 + Level 7.3 Dodging


You had 6 spell levels left.
You didn't know any spells.
Your spell library was empty.

Dungeon Overview and Level Annotations

Branches:
Dungeon (1/1)

Altars:
Cheibriados
Dithmenos
Elyvilon
Fedhas
Gozag
Hepliaklqana
Kikubaaqudgha
Makhleb
Nemelex Xobeh
Okawaru
Qazlal
Ru
Sif Muna
Trog
Uskayaw
Vehumet
Wu Jian
Xom
Yredelemnul
Zin
The Shining One
Jiyva
Lugonu

Shops:
D =

Annotations:
D Sonja


Innate Abilities, Weirdness & Mutations

You have a pair of horns on your head.
You reflexively headbutt those who attack you in melee.


Message History

Sonja, the Graceful Assassin comes into view.
She is wielding a +2 short sword of distortion and quivering curare-tipped darts.
Sonja shouts!
Found 108 gold pieces.
Sonja throws a curare-tipped dart.
The curare-tipped dart hits you.
You are poisoned.
You have difficulty breathing.
You feel yourself slow down.
There is an open door here.
Unknown command.
A red film seems to cover your vision as you go berserk!
You feel yourself moving faster!
You feel mighty!
You feel very sick.
Sonja throws a curare-tipped dart.
The curare-tipped dart misses you.
Sonja plants her feet in a plie.
Sonja hits you with a +2 short sword of distortion!
Sonja hits you but does no damage.
Sonja hits you with a +2 short sword of distortion.
Space warps around you.
Your leather armour prevents you from hitting Sonja.
Your headbutt misses Sonja.
You feel sick.
Sonja hits you with a +2 short sword of distortion.
Space warps around you. Sonja barely misses you.
Sonja hits you with a +2 short sword of distortion.
Space warps horribly around you!
You hit Sonja. Your headbutt misses Sonja.
Sonja is lightly wounded.
You feel sick.
Sonja hits you with a +2 short sword of distortion!
Space warps horribly around you!
Sonja hits you with a +2 short sword of distortion.
* * * LOW HITPOINT WARNING * * *
Space warps around you.
* * * LOW HITPOINT WARNING * * *
Sonja barely misses you.
You miss Sonja. Your headbutt misses Sonja.
Sonja is lightly wounded.
You feel sick.
Sonja hits you with a +2 short sword of distortion.
* * * LOW HITPOINT WARNING * * *
Space warps horribly around you!!
You die...

#<.#..)..#..'..#__#..+
#..'[.#..').#..'..'..#
#..#####)#####'#__####
#..####..#...#.####
#..#__####..##.#
#..#_____##'#_.+
#⌠⌠#_.∩...'..._#
####_..__##_.#'#
#_____###@#.# #######
#K### $.$ #$.$# ##.##
#+#


You could see Sonja.

Vanquished Creatures
  A slime creature (D)
  Sigmund (D)
  A yak (D)
  An ogre (D)
  A jelly (D)
  Ijyb (D)
6 creatures vanquished.

Notes
Turn   | Place    | Note
-------+----------+-------------------------------------------
     0 | D        | Turgor the Minotaur Berserker began the quest for the Orb.
     0 | D        | Reached XP level 1. HP: 19/19 MP: 0/0
     1 | D        | Noticed Ijyb
     8 | D        | Killed Ijyb
     9 | D        | Reached skill level 5 in Fighting
     9 | D        | Reached skill level 5 in Axes
     9 | D        | Reached XP level 2. HP: 16/29 MP: 1/1
   200 | D        | Noticed an ogre
   205 | D        | Killed an ogre
   206 | D        | Reached skill level 5 in Armour
   206 | D        | Reached XP level 3. HP: 32/39 MP: 2/2
   206 | D        | Reached XP level 4. HP: 38/47 MP: 3/3
   334 | D        | Noticed Sigmund
   341 | D        | Killed Sigmund
   341 | D        | Reached ** piety under Trog
   342 | D        | Reached skill level 5 in Dodging
   342 | D        | Reached XP level 5. HP: 57/57 MP: 4/4
   342 | D        | Reached XP level 6. HP: 64/64 MP: 5/5
   391 | D        | Found an ornate altar of the Wu Jian Council.
   391 | D        | Found a shimmering blue altar of Sif Muna.
   393 | D        | Found a radiant altar of Vehumet.
   397 | D        | Found a viscous altar of Jiyva.
   397 | D        | Found a corrupted altar of Lugonu.
   397 | D        | Noticed a slime creature
   398 | D        | Found a burning altar of Makhleb.
   398 | D        | Found a shimmering altar of Xom.
   404 | D        | Killed a slime creature
   405 | D        | Reached skill level 10 in Fighting
   405 | D        | Reached skill level 10 in Axes
   476 | D        | Found Ademyr's Jewellery Emporium.
   476 | D        | Found an ancient bone altar of Kikubaaqudgha.
   476 | D        | Found a hazy altar of Hepliaklqana.
   476 | D        | Found a stormy altar of Qazlal.
   476 | D        | Found a hide-covered altar of Uskayaw.
   476 | D        | Found a blossoming altar of Fedhas.
   476 | D        | Found a bloodstained altar of Trog.
   476 | D        | Found an iron altar of Okawaru.
   476 | D        | Found a basalt altar of Yredelemnul.
   476 | D        | Found a glowing golden altar of the Shining One.
   476 | D        | Found a snail-covered altar of Cheibriados.
   476 | D        | Found a sacrificial altar of Ru.
   476 | D        | Found a glowing silver altar of Zin.
   476 | D        | Found a shadowy altar of Dithmenos.
   476 | D        | Found a white marble altar of Elyvilon.
   476 | D        | Noticed a yak
   480 | D        | Killed a yak
   481 | D        | Reached XP level 7. HP: 74/74 MP: 6/6
   481 | D        | Found an opulent altar of Gozag.
   482 | D        | Found a sparkling altar of Nemelex Xobeh.
   486 | D        | Bought a ring of see invisible for 180 gold pieces
   531 | D        | Noticed Sonja
   536 | D        | Slain by Sonja

Illustrated notes

Levels and vault maps discovered:
D:        dungeon_sprint_1 [red_sonja_temple_1, red_sonja_temple_small_1]

Skill      XL: |  1  2  3  4  5  6 |
---------------+-------------------+-----
Fighting       | 5 7 9 11 | 11.5
Axes           | 5 7 9 11 | 11.5
Armour         | 3 5 6 8 |  8.1
Dodging        | 3 4 5 7 |  7.3

Action                   |  1- 3 |  4- 6 |  7- 9 || total
-------------------------+-------+-------+-------++-------
Melee: Hand axe          |     6 |    15 |     3 ||    24
       Headbutt          |     2 |     3 |       ||     5
       Club              |     4 |       |       ||     4
Invok: Berserk           |     2 |     3 |     1 ||     6
       Trog's Hand       |       |       |     1 ||     1
Armor: Leather armour    |       |       |     1 ||     1
Dodge: Dodged            |     1 |     5 |     3 ||     9

Table legend: (Time is in decaauts)
 A = Elapsed time spent in this place.
 B = Non-inter-level travel time spent in this place.
 C = Inter-level travel time spent in this place.
 D = Time resting spent in this place.
 E = Time spent auto-exploring this place.
 F = Levels seen in this place.
 G = Mean time per level.
                   A        B        C        D        E       F      G
               +--------+--------+--------+--------+--------+-----+--------+
         Total |    586 |    586 |      0 |    421 |      0 |   1 |  586.0 |
       Dungeon |    586 |    586 |      0 |    421 |      0 |   1 |  586.0 |
               +--------+--------+--------+--------+--------+-----+--------+

Top non-repeatable levels by time:
       D: 586 daAuts
